 Dungeon Crawl Stone Soup version 0.27-a0-720-g3f424a255b (webtiles) character file.

Game seed: 7071597282243301796

53 Johnny the Slasher (level 3, -10/54 HPs)
             Began as a Troll Berserker on Mar 23, 2021.
             Was a Believer of Trog.
             Mangled by an ogre
             ... wielding a +0 giant club
              (23 damage)
             ... on level 3 of the Dungeon.
             The game lasted 00:01:29 (1540 turns).

Johnny the Slasher (Troll Berserker)                Turns: 1540, Time: 00:01:30

Health: -10/54     AC:  5    Str: 26    XL:     3   Next: 64%
Magic:  2/2        EV: 10    Int:  3    God:    Trog [**....]
Gold:   102        SH:  5    Dex:  9    Spells: 2/2 levels left

rFire    . . .     SeeInvis .   a - +0 falchion
rCold    . . .     Faith    .   (no shield)
rNeg     . . .     Spirit   .   b - +0 animal skin
rPois    .         Reflect  +   (helmet restricted)
rElec    .         Harm     .   d - +0 cloak
rCorr    .         Rampage  .   (gloves unavailable)
Will     .....                  (boots unavailable)
Stlth    ..........             i - amulet of reflection
HPRegen  1.18/turn              (no ring)
MPRegen  0.08/turn              (no ring)

@: berserking, very quick
A: large, unfitting armour, claws 3, regeneration 1, shaggy fur 1, tough skin 1
a: Renounce Religion, Berserk, Trog's Hand


You were on level 3 of the Dungeon.
You worshipped Trog.
Trog was pleased with you.
You visited 1 branch of the dungeon, and saw 3 of its levels.

You collected 102 gold pieces.

Inventory:

Hand Weapons
 a - a +0 falchion (weapon)
Armour
 b - a +0 animal skin (worn)
 d - a +0 cloak (worn)
Jewellery
 i - an amulet of reflection (around neck)
Scrolls
 e - a scroll of teleportation {unknown}
 f - a scroll of vulnerability {unknown}
 g - a scroll of blinking {unknown}
 j - 2 scrolls of identify {unknown}
 k - a scroll of enchant weapon {unknown}
Potions
 c - a potion of resistance {unknown}
 h - 2 potions of brilliance {unknown}
 l - a potion of degeneration {unknown}


   Skills:
 + Level 2.9 Fighting
 * Level 3.4 Long Blades
 - Level 2.4 Dodging


You had 2 spell levels left.
You didn't know any spells.
Your spell library contained the following spells:

 Spells                   Type           Power      Damage    Failure   Level
 Confusing Touch          Hex            0%         N/A       88%         3
 Gell's Gravitas          Tloc           0%         N/A       88%         3
 Petrify                  Tmut/Erth      0%         N/A       99%         4
 Metabolic Englaciation   Hex/Ice        0%         N/A       100%        5
 Yara's Violent Unravell  Hex/Tmut       0%         3d3       100%        5


Dungeon Overview and Level Annotations

Branches:
Dungeon (3/15)

Altars:


Innate Abilities, Weirdness & Mutations

You are too large for most types of armour.
You have claws for hands.
Your natural rate of healing is unusually fast.
You are covered in fur. (AC +1)
You have tough skin. (AC +1)


Message History

You block the ooze's attack.
You hit the ooze.
The ooze is heavily wounded.
The ooze hits you.
You hit the ooze.
You kill the ooze!
Trog accepts your kill.
No target in view!
No target in view!
No target in view!
No target in view!
No target in view!
No target in view!
No target in view!
No target in view!
Found 22 bolts.
You now have 84 gold pieces (gained 15).
Found an escape hatch in the floor.
There is an escape hatch in the floor here.
You now have 102 gold pieces (gained 18).
There is an escape hatch in the floor here.
j - 2 scrolls labelled KUT TUNAFI (gained 1)
An ogre comes into view. It is wielding a +0 giant club.
Found a scroll labelled LECOTT HABBOGOU.
The ogre completely misses you.
A red film seems to cover your vision as you go berserk!
You feel yourself moving faster!
You feel mighty!
The ogre hits you with a +0 giant club!!
You hit the ogre.
The ogre is lightly wounded.
The ogre hits you with a +0 giant club!
* * * LOW HITPOINT WARNING * * *
You barely miss the ogre.
The ogre is lightly wounded.
The ogre hits you with a +0 giant club.
* * * LOW HITPOINT WARNING * * *
You slash the ogre!
The ogre is moderately wounded.
The ogre hits you with a +0 giant club!!
You die...

# #.#.# #.#
###.#####. ####>#.##
#.# #.# ........# #.#
#.# ####.#..# #.# #.#
#.#..# #.# ... #.#..#
#.# ### #.#..# #.#
#.#..######.#########
#.#......?...@O.....#
..#.####.##########.#
#


You could see an ogre.

Vanquished Creatures
  A worm (D:2)
  A dart slug (D:2)
  3 giant cockroaches (D:1)
  4 goblins
  3 hobgoblins
  4 jackals
  5 oozes
  4 quokkas
  4 ball pythons
  3 bats
  4 frilled lizards
  3 kobolds
  A quokka skeleton (D:2)
  4 rats
44 creatures vanquished.

Notes
Turn   | Place    | Note
-------+----------+-------------------------------------------
     0 | D:1      | Johnny the Troll Berserker began the quest for the Orb.
     0 | D:1      | Reached XP level 1. HP: 22/22 MP: 0/0
   172 | D:1      | Reached XP level 2. HP: 29/29 MP: 1/1
   268 | D:1      | Reached skill level 3 in Long Blades
   740 | D:2      | Reached XP level 3. HP: 34/36 MP: 2/2
   846 | D:2      | Reached ** piety under Trog
  1534 | D:3      | Noticed an ogre
  1540 | D:3      | Mangled by an ogre

Illustrated notes

Levels and vault maps discovered:
D:1:      dpeg_arrival_radiant, layout_loops_ring
D:2:      layout_loops_ring
D:3:      layout_loops_ring, nicolae_wu_jian_immortal_techniques,
          chequers_garden, patterned_corridor

Skill      XL: |  1  2 |
---------------+-------+-----
Long Blades    | 3 |  3.4
Fighting       | |  2.9
Dodging        | |  2.4

Action                   || total
-------------------------++-------
Melee: Falchion          ||   139
Invok: Berserk           ||     1
 Stab: Sleeping          ||     1
Armor: Animal skin       ||    67
Dodge: Dodged            ||    89
Block: Other             ||    15
       Reflection        ||     1
       Rpst.: Falchion   ||    19

Table legend: (Time is in decaauts)
 A = Elapsed time spent in this place.
 B = Non-inter-level travel time spent in this place.
 C = Inter-level travel time spent in this place.
 D = Time resting spent in this place.
 E = Time spent auto-exploring this place.
 F = Levels seen in this place.
 G = Mean time per level.
                   A        B        C        D        E       F      G
               +--------+--------+--------+--------+--------+-----+--------+
         Total |   1559 |   1528 |     31 |      0 |   1220 |   3 |  519.7 |
       Dungeon |   1559 |   1528 |     31 |      0 |   1220 |   3 |  519.7 |
               +--------+--------+--------+--------+--------+-----+--------+

Top non-repeatable levels by time:
     D:1: 734 daAuts
     D:2: 623 daAuts
     D:3: 201 daAuts
